AoeStats
← Konrad

Arabia

508988676Analyzed
4v4 RM · 7d ago on Sep 25, 2026· 38m 29s· 8 players
Game mode
Random Map
Map size
Large (8 player)
Population
200
Speed
Normal
Resources
Standard
Victory
Conquest
Starting age
Dark Age
Ending age
Imperial Age
RankedLock teamsTeams togetherTeam positionsShared explorationLock speedFull tech treeHidden civsTurbo modeCheats
Victory
Defeat
🇺🇸 Sicilians · United States
946
+27
🇩🇪 Huns · Germany
901
+16
🇺🇸 Koreans · United States
869
+18
🇩🇪 Magyars · Germany
809
+20
🇨🇱 Bulgarians · Chile
988
-20
🇹🇷 Turks · Türkiye
900
-17
🇨🇱 Varangians · Chile
896
-17
🇦🇷 Franks · Argentina
837
-14
Maldotroid
0:29 Loom
12:23 Feudal Age
14:05 Bloodlines
15:05 Scale Barding Armor
18:36 Forging
23:43 Castle Age
23:45 Light Cavalry
25:18 Chain Barding Armor
34:44 Iron Casting
Dearboy
0:29 Loom
10:50 Feudal Age
12:14 Wheelbarrow
11:27 Double-Bit Axe
11:36 Gold Mining
18:30 Stone Mining
22:36 Castle Age
22:24 Scale Barding Armor
22:29 Forging
23:40 Chain Barding Armor
23:55 Iron Casting
23:21 Light Cavalry
24:02 Husbandry
28:02 Husbandry
29:20 Bow Saw
29:12 Town Watch
30:20 Hand Cart
33:16 Town Patrol
36:53 Imperial Age
36:06 Ordonnance Companies
37:11 Cavalier
39:05 Plate Barding Armor
39:19 Conscription
Konrad
13:14 Feudal Age
13:46 Double-Bit Axe
13:44 Horse Collar
13:56 Gold Mining
14:00 Stone Mining
16:04 Wheelbarrow
21:04 Castle Age
20:44 Bloodlines
XII. Ahmet
0:34 Loom
12:51 Feudal Age
14:19 Wheelbarrow
13:35 Double-Bit Axe
13:36 Horse Collar
14:17 Stone Mining
14:22 Gold Mining
17:43 Town Watch
19:18 Bloodlines
26:46 Castle Age
33:26 Heavy Plow
33:40 Bow Saw
35:20 Town Patrol
Cognitive Ball Torture
2:33 Loom
11:27 Feudal Age
19:12 Castle Age
17:02 Double-Bit Axe
17:53 Horse Collar
19:19 Stone Mining
19:21 Gold Mining
19:33 Fletching
20:26 Wheelbarrow
20:19 Bodkin Arrow
23:21 Hand Cart
24:21 Stone Shaft Mining
24:19 Bow Saw
26:48 Gold Shaft Mining
27:23 Heavy Plow
34:25 Imperial Age
34:28 Elite War Wagon
36:53 Ballistics
37:34 Chemistry
37:05 Bracer
37:09 Husbandry
37:16 Thumb Ring
Dad
9:43 Loom
11:44 Feudal Age
12:59 Double-Bit Axe
Walls vs Zombies 2009
10:44 Feudal Age
11:41 Double-Bit Axe
11:54 Loom
14:03 Horse Collar
19:52 Castle Age
18:49 Gold Mining
20:12 Scale Barding Armor
20:18 Bloodlines
21:08 Wheelbarrow
21:37 Bow Saw
21:37 Heavy Plow
26:35 Hand Cart
32:31 Imperial Age
29:47 Town Watch
30:38 Husbandry
30:58 Chain Barding Armor
30:49 Forging
32:53 Cavalier
33:45 Guilds
36:40 Gold Shaft Mining
37:07 Two-Man Saw
35:58 Stone Mining
35:47 Light Cavalry
37:17 Plate Barding Armor
37:31 Iron Casting
38:13 Conscription
38:59 Chemistry
37:53 Fletching
38:26 Paladin
Pega Menis
15:41 Feudal Age
16:09 Horse Collar
16:17 Double-Bit Axe
21:40 Castle Age
20:31 Gold Mining
20:49 Stone Mining
23:21 Gold Shaft Mining
22:50 Heavy Plow
23:03 Bow Saw
24:16 Fervor
26:33 Wheelbarrow
28:05 Hand Cart
29:05 Corvinian Army
29:56 Scale Mail Armor
30:04 Scale Barding Armor
30:30 Town Watch
30:59 Husbandry
32:00 Chain Barding Armor
36:42 Imperial Age
36:58 Elite Magyar Huszar
38:00 Conscription
37:55 Bloodlines
38:23 Plate Barding Armor
Connection lost

Rejoining the realm…

Still unreachable

The connection could not be restored.

Session expired

The server has moved on; the page needs a fresh start.